 Dungeon Crawl Stone Soup version 0.32-a0-131-g9dbbe29261 (webtiles) character file.

Game seed: 16516427498275483678

466 Dittersdorf the Covered (level 7, -4/44 HPs)
             Began as a Gargoyle Fighter on Feb 8, 2024.
             Slain by an orc wizard
             ... wielding a +0 war axe
              (9 damage)
             ... on level 3 of the Dungeon.
             The game lasted 00:04:04 (3078 turns).

Dittersdorf the Covered (Gargoyle Fighter)          Turns: 3078, Time: 00:04:05

Health: -4/44      AC: 14    Str: 21    XL:     7   Next: 8%
Magic:  7/7        EV: 14    Int:  9    God:
Gold:   164        SH:  0    Dex:  9    Spells: 6/6 levels left

rFire   + . .        a - +0 flail
rCold   . . .        c - +0 buckler
rNeg    + + .        n - +2 scale mail {rF+}
rPois   ∞            (no helmet)
rElec   +            (no cloak)
rCorr   .            (no gloves)
SInv    .            (no boots)
Will    .....        (no amulet) Stlth
                     b - +5 ring of evasion
HPRegen 0.27/turn    o - ring of positive energy
MPRegen 0.10/turn

%: no passive effects
@: confused
A: sickness immunity, AC +4, negative energy resistance 1, electricity
resistance, torment resistance 1, petrification resistance
a: no special abilities


You were on level 3 of the Dungeon.
You visited 1 branch of the dungeon, and saw 4 of its levels.
You also visited: Sewer.

You collected 164 gold pieces.

Inventory:

Hand Weapons
 a - a +0 flail (weapon)
Armour
 c - a +0 buckler (worn)
 n - a +2 scale mail of fire resistance (worn)
Jewellery
 b - a +5 ring of evasion (left hand)
 o - a ring of positive energy (right hand)
Scrolls
 e - a scroll of revelation
 f - 4 scrolls of identify {unknown}
 g - 2 scrolls of vulnerability {unknown}
 h - 2 scrolls of immolation {unknown}
 j - 4 scrolls of blinking {unknown}
 k - a scroll of amnesia {unknown}
 p - a scroll of teleportation {unknown}
 u - a scroll of butterflies {unknown}
Potions
 d - a potion of might
 i - a potion of curing {unknown}
 l - a potion of enlightenment {unknown}
 m - 2 potions of resistance {unknown}
 q - a potion of invisibility {unknown}
 r - 2 potions of degeneration {unknown}
 s - 2 potions of ambrosia {unknown}
 t - a potion of attraction {unknown}


   Skills:
 + Level 5.0 Fighting
 + Level 4.0 Maces & Flails
 + Level 5.1 Armour
 + Level 5.0 Shields


You had 6 spell levels left.
You didn't know any spells.
Your spell library contained the following spells:

 Spells                   Type           Power      Damage    Failure   Level
 Sting                    Conj/Alch      0%         1d3       77%         1
 Summon Small Mammal      Summ           0%         N/A       77%         1
 Jinxbite                 Hex            0%         N/A       88%         2
 Mercury Vapours          Alch/Air       0%         N/A       88%         2
 Call Canine Familiar     Summ           0%         N/A       98%         3
 Dazzling Flash           Conj/Hex       0%         N/A       98%         3
 Mephitic Cloud           Conj/Alch/Air  0%         N/A       98%         3
 Olgreb's Toxic Radiance  Alch           0%         N/A       100%        4
 Summon Blazeheart Golem  Fire/Summ      0%         N/A       100%        4
 Curse of Agony           Necr           0%         N/A       100%        5
 Silence                  Hex/Air        0%         N/A       100%        5
 Yara's Violent Unravell  Hex/Alch       0%         3d3       100%        5
 Enfeeble                 Hex            0%         N/A       100%        7


Dungeon Overview and Level Annotations

Branches:
Dungeon (4/15)              Sewer (visited)
 Temple: D:4-7

Altars:
The Shining One

Annotations:
D:4 Menkaure


Innate Abilities, Weirdness & Mutations

You are immune to sickness and miasma.
Your stone body is resilient. (AC +4)
You are immune to poison.
You resist negative energy. (rN+)
You are resistant to electric shocks. (rElec)
You are resistant to unholy torment.
You are immune to petrification.


Message History

Something barely misses you.
You start resting.
Something hits you but does no damage.
You closely miss something. Something hits you.
You miss something. Something barely misses you. x2
You thump something! Something hits you but does no damage.
You miss something.
You hear some strange, mumbled words.
You are confused.
You hear some strange, mumbled words.
A magic dart appears from out of thin air!
The magic dart hits you but does no damage.
You bump into the rock wall.
Something hits you but does no damage.
You bump into the rock wall.
You hear some strange, mumbled words.
A magic dart appears from out of thin air!
The magic dart hits you.
* * * LOW HITPOINT WARNING * * *
You closely miss something. Something completely misses you.
You completely miss something. Something hits you but does no damage.
Something completely misses you.
You completely miss something. Something hits you.
* * * LOW HITPOINT WARNING * * *
You barely miss something.
You feel less confused.
You hear some strange, mumbled words.
You are confused.
You barely miss something. Something hits you but does no damage.
Something completely misses you.
You're too confused to move!
Something hits you but does no damage.
You completely miss something.
You hear some strange, mumbled words.
A puff of flame appears from out of thin air!
The puff of flame hits you but does no damage.
Something hits you.
* * * LOW HITPOINT WARNING * * *
There is a stone staircase leading down here.
Something hits you.
* * * LOW HITPOINT WARNING * * *
You miss something. Something hits you!
You die...

....# .##.# ############# .##<#
#........)..# .##.# #.#########.#
.##.###.## #.# ###.##...## #.#
###.#..)..#######.#####
###.............>.....####
###.............@).......#
####.......#.####.###.##.###
.............# #.###......######
##÷###...##..# #.#.............#
##.####.###..####.#.###....####.#
....###...........#.##.....####.#
##...........######†#.........#.#
##.########.## #.#......##.#.#
##.# #.# #.#.#....##.#.#


There were no monsters in sight!

Vanquished Creatures
  A water moccasin (D:3)
  An ogre (D:4)
  A kobold brigand (Sewer)
  A scorpion (D:4)
  A river rat (Sewer)
  4 adders
  5 dart slugs
  2 ribbon worms (Sewer)
  6 orcs
  11 endoplasms
  9 giant cockroaches
  8 hobgoblins
  2 jackals (D:2)
  5 quokkas
  9 ball pythons
  5 bats
  4 frilled lizards
  4 goblins
  9 kobolds
  8 rats
96 creatures vanquished.

Notes
Turn   | Place    | Note
-------+----------+-------------------------------------------
     0 | D:1      | Dittersdorf the Gargoyle Fighter began the quest for the
                  | Orb.
     0 | D:1      | Reached XP level 1. HP: 14/14 MP: 1/1
    56 | D:1      | Reached XP level 2. HP: 18/19 MP: 2/2
   498 | D:1      | Reached XP level 3. HP: 23/23 MP: 3/3
   850 | D:2      | Found a glowing golden altar of the Shining One.
  1005 | D:2      | Identified the +1 ring mail of Weloen {rElec}
  1466 | D:2      | Reached XP level 4. HP: 29/29 MP: 4/4
  1614 | D:2      | Found a faded altar of an unknown god.
  1829 | D:3      | Noticed a water moccasin
  1841 | D:3      | Killed a water moccasin
  1842 | D:3      | Reached XP level 5. HP: 29/33 MP: 5/5
  1926 | D:3      | Found a glowing drain.
  1949 | Sewer    | Entered a sewer
  2073 | Sewer    | Noticed a kobold brigand
  2094 | Sewer    | Killed a kobold brigand
  2095 | Sewer    | Reached XP level 6. HP: 38/39 MP: 6/6
  3047 | D:4      | Reached skill level 5 in Fighting
  3047 | D:4      | Reached skill level 5 in Armour
  3047 | D:4      | Reached skill level 5 in Shields
  3047 | D:4      | Reached XP level 7. HP: 38/44 MP: 7/7
  3050 | D:4      | Noticed Menkaure
  3078 | D:3      | Slain by an orc wizard

Illustrated notes

Levels and vault maps discovered:
D:1:      nzn_arrival_crosshair, layout_loops_ring, dk_noncrumbling_3,
          minmay_tetromino_o4
D:2:      layout_loops_corners, dilly_ecumenical_altar_fadedgnrine, basic_altar,
          due_unseen_surprise
D:3:      layout_loops_ring, gup_sewer_entry_bubbles, hangedman_glass_teeth
D:4:      layout_basic, uniq_menkaure

Skill      XL: |  1  2  3  4  5  6 |
---------------+-------------------+-----
Fighting       | 4 5 |  5.0
Maces & Flails | 3 4 |  4.0
Armour         | 4 5 |  5.1
Shields        | 4 5 |  5.0

Action                     |  1- 3 |  4- 6 |  7- 9 || total
---------------------------+-------+-------+-------++-------
  Melee: Flail             |   131 |   257 |    21 ||   409
    Use: Scroll            |       |     1 |       ||     1
 Armour: Scale mail        |    74 |    94 |    28 ||   196
         Ring mail         |    11 |       |       ||    11
  Dodge: Dodged            |    84 |   169 |    12 ||   265
  Block: Buckler           |    27 |    54 |     2 ||    83

Table legend: (Time is in decaauts)
 A = Elapsed time spent in this place.
 B = Non-inter-level travel time spent in this place.
 C = Inter-level travel time spent in this place.
 D = Time resting spent in this place.
 E = Time spent auto-exploring this place.
 F = Levels seen in this place.
 G = Mean time per level.
                   A        B        C        D        E       F      G
               +--------+--------+--------+--------+--------+-----+--------+
         Total |   3282 |   3215 |     67 |     44 |   2214 |   5 |  656.4 |
       Dungeon |   2801 |   2734 |     67 |     44 |   1968 |   4 |  700.2 |
         Sewer |    481 |    481 |      0 |      0 |    246 |   1 |  481.0 |
               +--------+--------+--------+--------+--------+-----+--------+

Top non-repeatable levels by time:
     D:2: 1074 daAuts
     D:3: 882 daAuts
     D:1: 791 daAuts
   Sewer: 481 daAuts
     D:4: 52 daAuts
